 Dungeon Crawl Stone Soup version 0.29-a0-982-gaed3a0c8d8 (webtiles) character file.

Game seed: 6795861987565912848

2663 IdlyInterested the Cleaver (level 9, -8/63 HPs)
             Began as a Demonspawn Fighter on Aug 1, 2022.
             Mangled by Grum
             ... wielding a -2 spear of venom
              (17 damage)
             ... on level 8 of the Dungeon.
             The game lasted 00:17:45 (5952 turns).

IdlyInterested the Cleaver (Demonspawn Fighter)     Turns: 5952, Time: 00:17:46

Health: -8/63      AC: 12    Str: 19    XL:     9   Next: 36%
Magic:  13/13      EV:  8    Int: 11    God:
Gold:   250        SH:  5    Dex: 13    Spells: 14/14 levels left

rFire   . . .      SeeInvis .   a - +1 war axe
rCold   . . .      Faith    .   k - +0 buckler
rNeg    . . .      Spirit   .   m - +0 chain mail
rPois   .          Reflect  .   u - +1 helmet
rElec   .          Harm     .   x - +0 cloak
rCorr   .          Rampage  .   (no gloves)
Will    +....                   (no boots)
Stlth   ..........              b - amulet of regeneration
HPRegen 1.00/turn               e - ring of willpower
MPRegen 0.13/turn               (no ring)

@: lethally poisoned (-8 -> -9)
A: foul stench 2, demonic magic 1, weakness stinger 1
a: no special abilities


You were on level 8 of the Dungeon.
You visited 2 branches of the dungeon, and saw 9 of its levels.

You collected 250 gold pieces.

Inventory:

Hand Weapons
 a - a +1 war axe (weapon)
 o - a +0 war axe
 s - a +2 trident of venom
 F - a +2 mace of draining
Missiles
 c - a curare-tipped dart
 g - 26 poisoned darts (quivered)
 i - 2 throwing nets
 t - 2 boomerangs
Armour
 j - a +1 robe of willpower
 k - a +0 buckler (worn)
 l - an orb of energy
 m - a +0 chain mail (worn)
 u - a +1 helmet (worn)
 x - a +0 cloak (worn)
Jewellery
 b - an amulet of regeneration (around neck)
 e - a ring of willpower (left hand)
 w - an amulet of faith
 D - an amulet of the acrobat
Wands
 n - a wand of charming (7)
 q - a wand of flame (29)
Scrolls
 h - a scroll of blinking
 r - a scroll of summoning
 v - 2 scrolls of teleportation
 y - 2 scrolls of butterflies
 C - 2 scrolls of identify
 E - a scroll of noise {unknown}
Potions
 d - a potion of might
 f - 6 potions of curing
 p - 3 potions of flight
 z - a potion of brilliance
 A - 2 potions of invisibility
 B - 2 potions of heal wounds


   Skills:
 - Level 3.0 Fighting
 * Level 9.6 Axes
 - Level 3.0 Throwing
 - Level 3.0 Armour
 - Level 3.0 Dodging
 + Level 3.5 Shields
 - Level 3.0 Spellcasting
 + Level 3.3 Evocations


You had 14 spell levels left.
You didn't know any spells.
Your spell library contained the following spells:

 Spells                   Type           Power      Damage    Failure   Level
 Leda's Liquefaction      Hex/Erth       0%         N/A       100%        4
 Lee's Rapid Deconstruct  Erth           0%         3d5*      100%        5
 Statue Form              Tmut/Erth      0%         N/A       100%        6
 Malign Gateway           Summ/Tloc      0%         N/A       100%        7
 Summon Horrible Things   Summ           0%         N/A       100%        8


Dungeon Overview and Level Annotations

Branches:
Dungeon (8/15)             Temple (1/1) D:5
   Lair: D:8-11

Altars:
Ashenzari
Cheibriados
Dithmenos
Fedhas
Gozag
Hepliaklqana
Kikubaaqudgha
Makhleb
Nemelex Xobeh
Okawaru
Ru
Sif Muna
Trog
Uskayaw
Wu Jian
Xom
Yredelemnul

Annotations:
D:8 Grum


Innate Abilities, Weirdness & Mutations

You sometimes emit foul miasma when damaged in melee.
Spells you cast may paralyse adjacent enemies.
You have a small tail.


Message History

* * * LOW HITPOINT WARNING * * *
You feel very sick. You block the wolf's attack. The wolf bites you.
* * * LOW HITPOINT WARNING * * *
The wolf bites you but does no damage. The wolf bites you.
* * * LOW HITPOINT WARNING * * *
You block the wolf's attack. The wolf bites you.
* * * LOW HITPOINT WARNING * * *
You emit a cloud of foul miasma!
Grum hits you but does no damage.
You are more poisoned.
Okay, then.
You feel much better.
You feel very sick. The wolf bites you but does no damage.
The wolf barely misses you.
The wolf is engulfed in dark miasma.
The wolf is poisoned.
The wolf seems to slow down.
The wolf bites you but does no damage. The wolf completely misses you.
The wolf bites you but does no damage.
The wolf is engulfed in dark miasma.
The wolf looks even sicker.
The wolf bites you.
Grum bares his teeth.
You block Grum's attack.
Okay, then.
You feel better.
The wolf looks more healthy.
The wolf barely misses you. You block the wolf's attack.
The wolf is engulfed in dark miasma.
The wolf looks even sicker.
The wolf seems to slow down.
The wolf bites you but does no damage. x2; The wolf bites you!
* * * LOW HITPOINT WARNING * * *
You emit a cloud of foul miasma!
Grum hits you but does no damage.
You are poisoned.
You slash Grum!
Grum is moderately wounded.
You barely miss the wolf. You closely miss the wolf.
You hit the wolf but do no damage.
You feel sick. The wolf bites you.
* * * LOW HITPOINT WARNING * * *
The wolf is engulfed in dark miasma.
The wolf is poisoned.
The wolf barely misses you.
The wolf is engulfed in dark miasma.
The wolf looks as sick as possible!
You kill the wolf!
Grum hits you with a -2 spear of venom!
You die...

#....
#...#
##...#
#...#
##[..#
#.<$.#
#...°##
#...hh##
###.○@!#
###.g.#
##..$#
#.>..
#....#
#....
.... .[#


You could see Grum and 2 wolves.

Vanquished Creatures
  Grinder (D:3)
  2 wyverns
  A water moccasin (D:5)
  Duvessa (D:4)
  An ice beast (D:7)
  2 black bears
  A sky beast (D:7)
  2 wolves (D:8)
  2 ogres
  2 centaurs (D:6)
  2 phantoms (D:7)
  2 kobold brigands (D:6)
  Blork the orc (D:4)
  4 scorpions
  A bullfrog (D:7)
  A necrophage (D:6)
  Dowan (D:4)
  A jelly (D:5)
  A hound (D:3)
  Crazy Yiuf (D:4)
  Ijyb (D:4)
  Jessica (D:3)
  3 orc wizards
  4 gnolls (D:5)
  7 adders
  A shadow imp (D:7)
  2 white imps
  2 ufetubi
  2 dart slugs
  14 orcs
  6 ball pythons
  4 endoplasms
  2 giant cockroaches
  10 goblins
  9 hobgoblins
  6 quokkas
  6 bats
  3 frilled lizards
  7 kobolds
  6 rats
126 creatures vanquished.

Vanquished Creatures (collateral kills)
  A gnoll (D:8)
1 creature vanquished.

Vanquished Creatures (others)
  A gnoll (D:8)
  5 plants (D:4)
6 creatures vanquished.

Grand Total: 133 creatures vanquished

Notes
Turn   | Place    | Note
-------+----------+-------------------------------------------
     0 | D:1      | IdlyInterested the Demonspawn Fighter began the quest for
                  | the Orb.
     0 | D:1      | Reached XP level 1. HP: 18/18 MP: 1/1
    13 | D:1      | Reached skill level 2 in Axes
    99 | D:1      | Gained mutation: You may rarely emit foul miasma when
                  | damaged in melee. [demonic ancestry]
    99 | D:1      | Reached XP level 2. HP: 24/24 MP: 2/2
   292 | D:1      | Found a faded altar of an unknown god.
   294 | D:1      | Noticed a golden eye
   294 | D:1      | Noticed a floating eye
   297 | D:1      | Noticed a floating eye
   297 | D:1      | Noticed a shining eye
   973 | D:2      | Reached XP level 3. HP: 26/29 MP: 3/3
  1120 | D:2      | Reached skill level 3 in Axes
  1801 | D:3      | Reached skill level 1 in Dodging
  1816 | D:3      | Reached XP level 4. HP: 25/35 MP: 4/4
  1822 | D:3      | Found a broken altar of Ashenzari.
  1822 | D:3      | Found a bloodstained altar of Trog.
  2127 | D:3      | Noticed Grinder
  2132 | D:3      | Paralysed by Grinder for 2 turns
  2149 | D:3      | Killed Grinder
  2150 | D:3      | Reached skill level 5 in Axes
  2150 | D:3      | Reached XP level 5. HP: 31/41 MP: 5/5
  2150 | D:3      | Gained mutation: You sometimes emit foul miasma when
                  | damaged in melee. [demonic ancestry]
  2150 | D:3      | Reached XP level 6. HP: 36/47 MP: 6/6
  2228 | D:3      | Noticed Jessica
  2233 | D:3      | Killed Jessica
  2640 | D:4      | Noticed Ijyb
  2659 | D:4      | Killed Ijyb
  2877 | D:4      | Noticed Duvessa
  2877 | D:4      | Noticed Dowan
  2896 | D:4      | Killed Duvessa
  2897 | D:4      | Reached skill level 1 in Evocations
  2906 | D:4      | Killed Dowan
  2907 | D:4      | Gained mutation: Spells you cast may paralyse adjacent
                  | enemies. [demonic ancestry]
  2907 | D:4      | Reached XP level 7. HP: 39/52 MP: 7/7
  2958 | D:4      | Found a runed translucent door.
  2959 | D:4      | Noticed Crazy Yiuf
  3006 | D:4      | Reached skill level 6 in Axes
  3311 | D:4      | Noticed Blork the orc
  3318 | D:4      | Killed Blork the orc
  3660 | D:4      | Killed Crazy Yiuf
  3722 | D:5      | Entered Level 5 of the Dungeon
  3728 | D:5      | Reached skill level 1 in Throwing
  3943 | D:5      | Reached skill level 7 in Axes
  3947 | D:5      | Reached XP level 8. HP: 54/58 MP: 8/8
  4054 | D:5      | Found a shadowy altar of Dithmenos.
  4296 | D:5      | Found a staircase to the Ecumenical Temple.
  4305 | Temple   | Entered the Ecumenical Temple
  4713 | D:6      | Reached skill level 8 in Axes
  4811 | D:6      | Reached skill level 1 in Spellcasting
  4864 | D:6      | HP: 2/58 [wyvern (6)]
  5368 | D:7      | Reached skill level 9 in Axes
  5368 | D:7      | Gained mutation: You have a small tail. [demonic ancestry]
  5368 | D:7      | Reached XP level 9. HP: 19/63 MP: 12/12
  5587 | D:7      | Found a sacrificial altar of Ru.
  5891 | D:8      | Noticed a death yak
  5893 | D:8      | Noticed a death yak
  5896 | D:8      | Noticed a death yak
  5896 | D:8      | Noticed a death yak
  5940 | D:8      | Noticed Grum
  5952 | D:8      | Mangled by Grum

Illustrated notes

Levels and vault maps discovered:
D:1:      grunt_arrival_crossed_arrows, layout_basic,
          hellmonk_ecumenical_altar_watching_god
D:2:      layout_rooms
D:3:      minmay_skewed_foursquare, layout_loops_ring, minitemple,
          corexii_item_surrounded_by_moat, uniq_jessica, uniq_grinder
D:4:      layout_basic, kennysheep_boxes, uniq_duvessa, uniq_ijyb,
          uniq_blork_the_orc, uniq_crazy_yiuf_cottage
D:5:      layout_rooms, elyvilon_altar_4, nicolae_dithmenos_the_darkroom,
          minmay_temple_entry_nine_rooms
D:6:      layout_basic
D:7:      layout_basic, mainiacjoe_overflow_small_starburst
D:8:      layout_layer_cave, dpeg_lair_monsters, chequers_jeans,
          kennysheep_another_room, uniq_prince_ribbit1, uniq_grum
Temple:   nicolae_temple_god_jail

Skill      XL: |  1  2  3  4  5  6  7  8  9 |
---------------+----------------------------+-----
Axes           | 2 3 5 7 9 |  9.6
Armour         | 3 |  3.0
Dodging        | 1 2 3 |  3.0
Evocations     | 1 3 |  3.3
Throwing       | 1 3 |  3.0
Spellcasting   | 2 3 |  3.0
Shields        | 3 |  3.5
Fighting       | |  3.0

Action                   |  1- 3 |  4- 6 |  7- 9 || total
-------------------------+-------+-------+-------++-------
Melee: War axe           |   121 |   104 |   214 ||   439
       Tailslap          |       |       |    10 ||    10
Throw: Dart              |       |       |     2 ||     2
Evoke: Wand              |       |       |     1 ||     1
  Use: Scroll            |     7 |     2 |     6 ||    15
       Potion            |       |     2 |     4 ||     6
Armor: Scale mail        |     9 |       |       ||     9
       Chain mail        |    77 |    80 |   163 ||   320
Dodge: Dodged            |    42 |    37 |    99 ||   178
Block: Buckler           |    27 |    30 |    55 ||   112

Table legend: (Time is in decaauts)
 A = Elapsed time spent in this place.
 B = Non-inter-level travel time spent in this place.
 C = Inter-level travel time spent in this place.
 D = Time resting spent in this place.
 E = Time spent auto-exploring this place.
 F = Levels seen in this place.
 G = Mean time per level.
                   A        B        C        D        E       F      G
               +--------+--------+--------+--------+--------+-----+--------+
         Total |   6070 |   5037 |   1033 |    229 |   3315 |   9 |  674.4 |
       Dungeon |   6021 |   4988 |   1033 |    229 |   3291 |   8 |  752.6 |
        Temple |     48 |     48 |      0 |      0 |     24 |   1 |   48.0 |
               +--------+--------+--------+--------+--------+-----+--------+

Top non-repeatable levels by time:
     D:3: 1213 daAuts
     D:4: 1053 daAuts
     D:1: 939 daAuts
     D:6: 934 daAuts
     D:2: 749 daAuts
     D:5: 643 daAuts
     D:7: 469 daAuts
  Temple: 48 daAuts
     D:8: 17 daAuts
